 Dungeon Crawl Stone Soup version 0.28.0-43-g3370ac3207 (webtiles) character file.

Game seed: 4006793652087635441

45 croobank the Sneak (level 3, -1/21 HPs)
             Began as an Octopode Fire Elementalist on Mar 27, 2022.
             Slain by a goblin
             ... wielding a +0 club
             ... led by Robin
              (6 damage)
             ... on level 2 of the Dungeon.
             The game lasted 00:04:50 (1830 turns).

croobank the Sneak (Octopode Fire Elementalist)     Turns: 1830, Time: 00:04:51

Health: -1/21      AC:  1    Str:  7    XL:     3   Next: 64%
Magic:  1/6        EV: 13    Int: 19    God:
Gold:   95         SH:  0    Dex: 12    Spells: 3/6 levels left

rFire   . . .      SeeInvis .   b - +0 dagger (drain)
rCold   . . .      Faith    .   (no shield)
rNeg    . . .      Spirit   .   (helmet restricted)
rPois   .          Reflect  .   (no amulet)
rElec   .          Harm     .   f - ring of willpower
rCorr   .          Rampage  .   (no ring)
Will    +....                   (no ring)
Stlth   +++.......              (no ring)
HPRegen 0.07/turn               (no ring)
MPRegen 0.10/turn               (no ring)
                                (no ring)
                                (no ring)

@: no status effects
A: almost no armour, amphibious, 8 rings, camouflage 1, gelatinous body 1,
(nimble swimmer 1), tentacles
a: no special abilities


You were on level 2 of the Dungeon.
You visited 1 branch of the dungeon, and saw 2 of its levels.

You collected 95 gold pieces.

Inventory:

Hand Weapons
 b - a +0 dagger of draining (weapon)
 h - a +0 dagger of venom
Missiles
 a - 42 stones
 l - 15 sling bullets
Jewellery
 f - a ring of willpower (left tentacle)
Scrolls
 c - a scroll of silence {unknown}
 d - 3 scrolls of teleportation {unknown}
 e - a scroll of magic mapping {unknown}
 i - 2 scrolls of noise {unknown}
 j - 2 scrolls of identify {unknown}
 m - a scroll of vulnerability {unknown}
Potions
 g - a potion of heal wounds
 k - 2 potions of mutation {unknown}


   Skills:
 + Level 2.4 Dodging
 + Level 3.4 Stealth
 + Level 2.3 Spellcasting
 + Level 1.7 Conjurations
 + Level 3.3 Fire Magic


You had 3 spell levels left.
You knew the following spells:

 Your Spells              Type           Power      Damage    Failure   Level
a - Foxfire               Conj/Fire      44%        2x1d6     6%          1
b - Scorch                Fire           28%        2d6       6%          2

Your spell library contained the following spells:

 Spells                   Type           Power      Damage    Failure   Level
 Conjure Flame            Conj/Fire      11%        6-21      17%         3
 Inner Flame              Hex/Fire       8%         N/A       24%         3
 Flame Wave               Conj/Fire      11%        2d5       50%         4


Dungeon Overview and Level Annotations

Branches:
Dungeon (2/15)

Altars:

Annotations:
D:2 Robin


Innate Abilities, Weirdness & Mutations

You cannot wear most types of armour.
You are amphibious.
You can wear up to eight rings at the same time.
Your skin changes colour to match your surroundings (Stealth+).
Your rubbery body absorbs attacks. (AC +1, EV +1)
((You are camouflaged when in or above water. (Stealth+)))
You have tentacles for arms and can constrict up to eight enemies at once.


Message History

Robin throws the goblin at you! The goblin hits you but does no damage.
Casting: Scorch (safe; 6% risk of failure)
Confirm with . or Enter, or press ? or * to list all spells.
Flames lash the hobgoblin.
You kill the hobgoblin!
You constrict the goblin. The goblin completely misses you.
The goblin barely misses you.
You closely miss the goblin. Your grab misses the goblin.
You constrict the goblin. The goblin hits you with a +0 dagger.
The goblin hits you but does no damage.
You barely miss the goblin. You grab the goblin. You squeeze the goblin.
You kill the goblin!
You constrict the goblin.
You kill the goblin!
Robin roars a battlecry!
The goblin goes into a battle-frenzy!
You hear a shout! x3
A goblin comes into view. It is wielding a +0 dagger.
The goblin misses you.
A goblin comes into view. It is wielding a +0 club.
You see here a +0 dagger.
You closely miss the goblin. You grab the goblin. You constrict the goblin.
The goblin barely misses you.
You hit the goblin. You drain the goblin.
You kill the goblin!
A goblin comes into view. It is wielding a +0 dagger.
You hit the goblin. You drain the goblin.
You kill the goblin!
Robin hits you from afar with a +1 vorpal spear.
Robin closely misses you.
A ball python comes into view.
Items here: ))) †.
The ball python hisses angrily.
You hit Robin but do no damage. You grab Robin.
You constrict Robin, but do no damage. Robin throws the goblin at you!
You hit Robin but do no damage. You constrict Robin, but do no damage.
The goblin hits you with a +0 dagger.
* * * LOW HITPOINT WARNING * * *
The goblin hits you with a +0 club.
You die...

.#...........# #.###
#...........# #...#
#...........#######.#
####+#.........#
#......#########
#......#
#.....)#######
#...g........#
####@#######.#
#.gg.......
#..g.###### #....#
#....# #.S..#
#######....#
........)..#
..g........#


You could see Robin, 3 goblins and a ball python.

Vanquished Creatures
  4 bats (D:1)
  4 endoplasms (D:1)
  A giant cockroach (D:1)
  12 goblins
  5 hobgoblins
  2 kobolds
  2 quokkas (D:1)
  2 ball pythons (D:1)
  4 frilled lizards (D:1)
  A rat (D:1)
  A spectral kobold (D:1)
38 creatures vanquished.

Vanquished Creatures (others)
  67 foxfires
67 creatures vanquished.

Grand Total: 105 creatures vanquished

Notes
Turn   | Place    | Note
-------+----------+-------------------------------------------
     0 | D:1      | croobank the Octopode Fire Elementalist began the quest for
                  | the Orb.
     0 | D:1      | Reached XP level 1. HP: 11/11 MP: 3/3
   269 | D:1      | Reached XP level 2. HP: 17/17 MP: 0/5
   272 | D:1      | Learned a level 2 spell: Scorch
   395 | D:1      | Found a faded altar of an unknown god.
  1074 | D:1      | Reached XP level 3. HP: 13/21 MP: 1/6
  1811 | D:2      | Noticed Robin
  1830 | D:2      | Slain by a goblin

Illustrated notes

Levels and vault maps discovered:
D:1:      dpeg_arrival_lava_temple_mockup, layout_loops_corners,
          dreamdust_ecumenical_altar_drowned_temple, nrook_loot_triangle,
          minmay_split_cup_large
D:2:      layout_basic, uniq_robin

Skill      XL: |  1  2 |
---------------+-------+-----
Stealth        | 3 |  3.4
Dodging        | |  2.4
Spellcasting   | |  2.3
Conjurations   | |  1.7
Fire Magic     | |  3.3

Action                   || total
-------------------------++-------
Melee: Unarmed           ||     3
       Dagger            ||    15
       Constrict         ||     6
       Tentacles         ||     3
 Cast: Foxfire           ||    37
       Scorch            ||     9
  Use: Potion            ||     1
Armor: Skin              ||     4
Dodge: Dodged            ||    20
